 Dungeon Crawl Stone Soup version 0.16-a0-2652-gd333f3b (webtiles) character file.

31 PolkaDot the Caller (level 3, 0/27 HPs)
             Began as a Vampire Summoner on Nov 23, 2014.
             Killed from afar by Sigmund (8 damage)
             ... with a wand of flame
             ... on level 2 of the Dungeon.
             The game lasted 00:03:43 (1511 turns).

PolkaDot the Caller (Vampire Summoner)              Turns: 1511, Time: 00:03:43

Health: 0/27       AC:  2    Str:  7    XL:     3   Next: 7%
Magic:  1/6        EV: 12    Int: 18    God:
Gold:   38         SH:  0    Dex: 14    Spells: 3 memorised, 0 levels left

rFire  . . .     SeeInvis +     c - +0 short sword
rCold  . . .     Clarity  .     a - +0 robe
rNeg   . . .     SustAb   .     (no shield)
rPois  .         Gourm    .     (no helmet)
rElec  .         Spirit   .     (no cloak)
rCorr  .         Warding  .     (no gloves)
rMut   .         Stasis   .     (no boots)
MR     .....                    (no amulet)
Stlth  ++........               (no ring)
                                (no ring)

@: regenerating quickly, not resistant to hostile enchantments, unstealthy
A: bottle blood, fangs 3, see invisible, unbreathing
a: no special abilities


You were on level 2 of the Dungeon.
You were full.

You visited 1 branch of the dungeon, and saw 2 of its levels.

You collected 38 gold pieces.

Inventory:

Hand weapons
 c - a +0 short sword (weapon)
Armour
 a - a +0 robe (worn)
Jewellery
 f - an uncursed ring of protection from magic {unknown}
Magical devices
 o - a wand of random effects (8)
Scrolls
 d - a scroll of remove curse {unknown}
 e - a scroll of amnesia {unknown}
 g - a scroll of fog {unknown}
 h - 2 scrolls of magic mapping {unknown}
 j - 2 scrolls of enchant armour {unknown}
 l - a scroll of random uselessness {unknown}
 m - a scroll of teleportation {unknown}
Books
 b - a book of Callings

   Spells                             Type                      Level
   *Summon Small Mammal               Summoning                    1
   *Call Imp                          Summoning                    2
   *Call Canine Familiar              Summoning                    3
   Summon Guardian Golem              Hexes/Summoning              4
   Summon Lightning Spire             Summoning/Air                4
   Summon Ice Beast                   Ice/Summoning                4


   Skills:
 * Level 2.0 Fighting
 - Level 2.1 Dodging
 - Level 3.0 Stealth
 - Level 2.0 Spellcasting
 + Level 4.2 Summonings


You couldn't memorise any spells.
You knew the following spells:

 Your Spells              Type           Power        Failure   Level  Hunger
a - Summon Small Mammal   Summ           ###.         3%          1    #......
d - Call Canine Familiar  Summ           ###.....     12%         3    ###....
s - Call Imp              Summ           ###.....     6%          2    ###....


Dungeon Overview and Level Annotations

Branches:
Dungeon (2/15)

Altars:

Annotations:
D:2 Sigmund


Innate Abilities, Weirdness & Mutations

Your natural rate of healing is unusually fast.
You can bottle blood from corpses.
You have razor-sharp teeth.
You have supernaturally acute eyesight.
You can survive without breathing.


Message History

Sigmund gestures wildly while chanting.
Sigmund flickers and vanishes for a moment.
Unknown command.
You start resting.
Your resistance to elements expires.
You start resting.
Sigmund is no longer charmed.
Sigmund zaps a wand.
The puff of flame hits your hound.
You hit Sigmund.
Sigmund is severely wounded.
Sigmund zaps a wand.
The puff of flame misses you.
You barely miss Sigmund. You bite Sigmund.
Sigmund is almost dead.
Sigmund giggles. "Time to reap what you sow."
Sigmund zaps a wand.
The puff of flame hits you!
* * * LOW HITPOINT WARNING * * *
You hit Sigmund.
Sigmund is almost dead.
Sigmund zaps a wand.
The puff of flame hits you!
You die...

..........# #.......#
....(.....###.......#
...........###.....##
...........###.....#######.#
###.........##..............(
###.....###.##..(.....####.#
.............#.#.#..#.#
###.....####.#.#5...#.#
#.....# #...#@...#.#####.#
#.....# ##..#@h............
#.....# #.......#.#####.#
#.....# #.##....#.# #######
#..#....#.# #..###.##.#
#.........# #.#.##.####
..........#


You could see Sigmund (invisible), a friendly hound and a friendly crimson imp.

Vanquished Creatures
  2 giant geckos
  4 bats
  A giant cockroach (D:1)
  A goblin (D:1)
  2 hobgoblins (D:1)
  A ball python (D:2)
  3 giant newts (D:1)
  A kobold (D:1)
  4 rats (D:1)
19 creatures vanquished.

Vanquished Creatures (collateral kills)
  2 adders (D:2)
  A hobgoblin (D:1)
  A kobold (D:1)
  A bat (D:1)
5 creatures vanquished.

Vanquished Creatures (others)
  A white imp (D:2)
  A quokka (D:2)
2 creatures vanquished.

Grand Total: 26 creatures vanquished

Notes
Turn   | Place    | Note
--------------------------------------------------------------
     0 | D:1      | PolkaDot, the Vampire Summoner, began the quest for the Orb.
     0 | D:1      | Reached XP level 1. HP: 13/13 MP: 3/3
   258 | D:1      | Reached skill level 1 in Fighting
   352 | D:1      | Reached XP level 2. HP: 19/21 MP: 4/4
  1102 | D:1      | Learned a level 2 spell: Call Imp
  1429 | D:2      | Reached XP level 3. HP: 20/27 MP: 0/6
  1448 | D:2      | Learned a level 3 spell: Call Canine Familiar
  1456 | D:2      | Noticed Sigmund
  1511 | D:2      | Killed from afar by Sigmund

Action                   || total
-------------------------++-------
Melee: Short sword       ||    73
       Unarmed           ||    13
 Cast: Summon Small Mamm ||    11
       Call Imp          ||     7
       Call Canine Famil ||     2
Evoke: Wand              ||     1
  Use: Potion            ||     5
 Stab: Sleeping          ||     3
  Eat: Corpse            ||    10
